 Dungeon Crawl Stone Soup version 0.14.0-18-g0341e45 (webtiles) character file.

356 CatPlusPlus the Chopper (level 5, -1/46 HPs)
             Began as a Deep Dwarf Fighter on Apr 19, 2014.
             Killed by divine providence
             ... invoked by an orc priest
              (9 damage)
             ... on Level 4 of the Dungeon.
             The game lasted 00:11:16 (2240 turns).

CatPlusPlus the Chopper (Deep Dwarf Fighter)        Turns: 2240, Time: 00:11:17

HP  -1/46        AC 10     Str 20      XL: 5   Next: 72%
MP   5/5         EV  6     Int  9      God:
Gold 125         SH 18     Dex 12      Spells:  0 memorised,  4 levels left

rFire  . . .     SeeInvis .     a - +0 war axe
rCold  . . .     Clarity  .     b - +1 scale mail
rNeg   . . .     Conserve .     c - +0 shield
rPois  .         rCorr    .     k - +1 helmet
rElec  .         rRot     .     (no cloak)
SustAb . .       Spirit   .     (no gloves)
rMut   .         Warding  .     (no boots)
Saprov . . .     Stasis   .     (no amulet)
MR     .....                    (no ring)
                                (no ring)

@: non-regenerating, not resistant to hostile enchantments, extremely unstealthy
A: damage resistance, recharge devices, sense surroundings 1, slow healing 3
a: Device Recharging


You were on level 4 of the Dungeon.
You were not hungry.

You visited 1 branch of the dungeon, and saw 4 of its levels.

You collected 125 gold pieces.

Inventory:

Hand weapons
 a - a +0,+0 war axe (weapon)
Missiles
 g - 11 tomahawks (quivered)
 s - 3 poisoned darts
Armour
 b - a +1 scale mail (worn)
 c - a +0 shield (worn)
 k - a +1 helmet (worn)
Magical devices
 d - a wand of heal wounds (7)
Comestibles
 f - 6 bread rations
 h - a chunk of bat flesh
 j - a meat ration
 t - a rotting chunk of goblin flesh
 w - a rotting chunk of ball python flesh
 z - a chunk of rat flesh
Scrolls
 l - 3 scrolls of recharging
 x - 2 scrolls of remove curse
Potions
 e - a potion of might
 m - 2 potions of restore abilities
 n - a potion of haste
 q - 2 potions of heal wounds
 r - a potion of brilliance
 u - a potion of curing {unknown}
 A - a potion of resistance {unknown}


   Skills:
 - Level 2.6 Fighting
 + Level 6.7 Axes
 - Level 3.2 Armour
 - Level 3.2 Shields


You had 4 spell levels left.
You didn't know any spells.

Dungeon Overview and Level Annotations

Branches:
Dungeon (4/15)
 Temple: D:4-7

Altars:
Elyvilon


Innate Abilities, Weirdness & Mutations

You are resistant to damage.
You can recharge devices by infusing magical energy.
You passively map a small area around you.
You do not heal naturally.


Message History

The scorpion stings you but does no damage.
You closely miss the scorpion.
The scorpion is moderately wounded.
You block the scorpion's attack.
The orc priest becomes somewhat translucent.
The scorpion barely misses you.
You hit the scorpion.
The scorpion is severely wounded.
The scorpion stings you but does no damage.
You hit the scorpion but do no damage.
The scorpion is heavily wounded.
The scorpion stings you.
* * * LOW HITPOINT WARNING * * *
You barely miss the scorpion.
The scorpion is heavily wounded.
The scorpion stings you.
* * * LOW HITPOINT WARNING * * *
The orc priest invokes the aid of Beogh against you.
Something smites you!
You die...

, *, ,* # *
##.*
####...#####
......os@..#
####.>.###.#
##. #.# #,
##.## * *,
#...#
,###...### *
#.......# *
,
*,*#.......#
* ,
*#.......#


You could see a scorpion and an orc priest.

Vanquished Creatures
  A giant frog (D:3)
  An orc priest (D:3)
  4 gnolls (D:3)
  3 adders
  2 worms
  3 oozes
  6 orcs
  9 bats
  3 giant cockroaches
  6 goblins
  6 hobgoblins
  4 jackals (D:1)
  2 quokkas
  A ball python (D:3)
  2 giant newts (D:2)
  9 kobolds
  7 rats
  2 plants (D:2)
71 creatures vanquished.

Notes
Turn   | Place    | Note
--------------------------------------------------------------
     0 | D:1      | CatPlusPlus, the Deep Dwarf Fighter, began the quest for the Orb.
     0 | D:1      | Reached XP level 1. HP: 20/20 MP: 1/1
   147 | D:1      | Reached XP level 2. HP: 20/27 MP: 2/2
   775 | D:2      | Reached XP level 3. HP: 15/33 MP: 3/3
   901 | D:2      | Reached skill level 4 in Axes
  1539 | D:3      | Reached XP level 4. HP: 40/40 MP: 4/4
  1564 | D:3      | Reached skill level 5 in Axes
  1607 | D:3      | Reached XP level 5. HP: 13/46 MP: 5/5
  1795 | D:3      | Reached skill level 6 in Axes
  1843 | D:3      | Noticed a giant frog
  1858 | D:3      | Killed a giant frog
  2182 | D:4      | Found a white marble altar of Elyvilon.
  2240 | D:4      | Killed from afar by an orc priest

Action                   |  1- 3 |  4- 6 || total
-------------------------+-------+-------++-------
Melee: War axe           |   179 |    95 ||   274
Throw: Tomahawk          |     4 |    10 ||    14
Evoke: Wand              |     1 |     1 ||     2
  Use: Scroll            |     6 |     2 ||     8
